 Seeded DCSS version 0.29-b1-12-g9e2288ab2a (webtiles) character file.

Game seed: 1 (custom seed)

9774 Kazon the Trooper (level 11, -5/93 HPs)
             Began as a Demigod Fighter on Aug 23, 2022.
             Slain by a death yak (21 damage)
             ... on level 10 of the Dungeon.
             The game lasted 00:32:03 (7599 turns).

Kazon the Trooper (Demigod Fighter)                 Turns: 7599, Time: 00:32:03

Health: -5/93      AC: 16    Str: 31    XL:     11   Next: 7%
Magic:  14/14      EV: 11    Int: 10    God:
Gold:   422        SH:  6    Dex: 17    Spells: 10/10 levels left

rFire   . . .      SeeInvis .   q - +6 shillelagh "Devastator" {shatter}
rCold   + . .      Faith    .   c - +0 buckler
rNeg    . . .      Spirit   .   L - +2 chain mail {rC+}
rPois   +          Reflect  .   M - +0 helmet
rElec   .          Harm     .   (no cloak)
rCorr   .          Rampage  .   (no gloves)
Will    +....                   p - +2 pair of boots
Stlth   ..........              m - amulet of regeneration
HPRegen 1.05/turn               t - ring of Bubyake {rPois Str+6}
MPRegen 0.14/turn               b - +4 ring of slaying

@: studying Maces & Flails
A: high MP 1, forlorn, divine attributes
a: no special abilities


You were on level 10 of the Dungeon.
You visited 1 branch of the dungeon, and saw 10 of its levels.

You collected 606 gold pieces.
You spent 184 gold pieces at shops.

Inventory:

Hand Weapons
 a - a +0 long sword
 e - a +2 dagger of venom
 f - a +1 war axe of flaming
 q - the +6 shillelagh "Devastator" (weapon) {shatter}
   (You found it on level 6 of the Dungeon)

   It releases a powerful concussive burst when it strikes, dealing extra damage
   to the target and all other foes adjacent to them.
 s - the +3 falchion of Winter {venom, rCorr}
   (You bought it in a shop on level 3 of the Dungeon)

   It poisons the flesh of those it strikes.
   rCorr:     It protects you from acid and corrosion.
 K - the +6 great sword of the Gloaming {distort, rC+ Will+ Dex+4}
   (You found it on level 8 of the Dungeon)

   It warps and distorts space around it, and may blink, banish, or inflict
   extra damage upon those it strikes.
   Unwielding it can cause banishment or high damage.
   Dex:       It affects your dexterity (+4).
   rC:        It protects you from cold.
   Will:      It increases your willpower.
Missiles
 k - 64 stones
 l - 22 poisoned darts (quivered)
 n - 9 boomerangs
 r - 2 throwing nets
 D - 3 boomerangs of dispersal
 F - 3 curare-tipped darts
Armour
 c - a +0 buckler (worn)
 p - a +2 pair of boots (worn)
 L - a +2 chain mail of cold resistance (worn)
 M - a +0 helmet (worn)
Jewellery
 b - a +4 ring of slaying (right hand)
 m - an amulet of regeneration (around neck)
 t - the ring of Bubyake (left hand) {rPois Str+6}
   (You acquired it on level 1 of the Dungeon)

   [ring of strength]

   Str:       It affects your strength (+6).
   rPois:     It protects you from poison.
Wands
 x - a wand of flame (12)
 y - a wand of mindburst (12)
Scrolls
 j - 7 scrolls of identify {unknown}
 u - a scroll of fog {unknown}
 v - 3 scrolls of enchant weapon {unknown}
 A - 2 scrolls of blinking {unknown}
 B - a scroll of vulnerability {unknown}
 H - 2 scrolls of immolation {unknown}
 I - a scroll of teleportation {unknown}
Potions
 d - a potion of might
 g - a potion of haste {unknown}
 h - 2 potions of flight {unknown}
 i - 3 potions of attraction {unknown}
 o - a potion of berserk rage {unknown}
 w - a potion of magic {unknown}
 z - 2 potions of ambrosia {unknown}
 C - 2 potions of curing {unknown}
 E - 2 potions of heal wounds {unknown}
 G - a potion of mutation {unknown}
 J - a potion of brilliance {unknown}


   Skills:
 * Level 7.7 Fighting
 + Level 7.2 Long Blades
 + Level 5.6 Maces & Flails
 + Level 4.1 Throwing
 + Level 6.4 Armour
 + Level 4.3 Dodging
 + Level 0.7 Stealth
 + Level 5.0 Shields
 * Level 6.9 Evocations


You had 10 spell levels left.
You didn't know any spells.
Your spell library contained the following spells:

 Spells                   Type           Power      Damage    Failure   Level
 Apportation              Tloc           0%         N/A       91%         1
 Necrotise                Necr           0%         1d4       91%         1
 Sting                    Tmut/Pois      0%         1d3       91%         1
 Summon Small Mammal      Summ           0%         N/A       91%         1
 Ensorcelled Hibernation  Hex/Ice        0%         N/A       97%         2
 Poisonous Vapours        Pois/Air       0%         N/A       97%         2
 Ignite Poison            Fire/Tmut/Pois 0%         N/A       99%         3
 Mephitic Cloud           Conj/Pois/Air  0%         N/A       99%         3
 Spider Form              Tmut/Pois      0%         N/A       99%         3
 Anguish                  Hex/Necr       0%         N/A       100%        4
 Olgreb's Toxic Radiance  Pois           0%         N/A       100%        4
 Freezing Cloud           Conj/Ice/Air   0%         6-21      100%        5


Dungeon Overview and Level Annotations

Branches:
Dungeon (10/15)            Temple (0/1) D:7
   Lair: D:8-11         Orc: D:9-12

Shops:
D:3 (   D:7 *   D:9 (

Annotations:
D:8 3 runed translucent doors, Gistrauq's ghost, novice DsBe; Maogaat's ghost, novice GnWr; Valamore's ghost, novice SpCj; Venter's ghost, novice MiFi; kuraido's ghost, novice NaTm
D:9 3 runed translucent doors, jlumianski's ghost, journeyman KoBe


Innate Abilities, Weirdness & Mutations

You have an increased reservoir of magic. (+10% MP)
You shall have no god before yourself.
Your divine heritage dramatically boosts your attributes as you level up.


Message History

The death yak barely misses you.
You sock the death yak!
The death yaks shudder.
The death yak is heavily wounded.
The death yak is moderately wounded.
You kill the death yak!
Your Maces & Flails skill increases to level 5!
You have reached level 11!
You sock the death yak!
The death yaks shudder.
The death yak is severely wounded.
The death yak is heavily wounded.
The death yak is severely wounded.
The death yak gores you but does no damage.
You hit the death yak.
The death yaks shudder.
The death yak is almost dead.
The death yak is heavily wounded.
The death yak is lightly wounded.
The death yak is almost dead.
The death yak gores you.
* * * LOW HITPOINT WARNING * * *
You barely miss the death yak.
The death yak is almost dead.
The death yak barely misses you.
You barely miss the death yak.
The death yak is almost dead.
The death yak gores you but does no damage.
You hit the death yak.
The death yaks shudder.
You kill the death yak!
The death yak is heavily wounded.
Your Shields skill increases to level 5!
You barely miss the death yak.
The death yak is heavily wounded.
The death yak gores you!
* * * LOW HITPOINT WARNING * * *
You block the death yak's attack.
You sock the death yak!
The death yaks shudder.
The death yak is almost dead.
The death yak is moderately wounded.
The death yak is almost dead.
The death yak gores you!!
You die...

..!......# #####.##
.Y.......# #.......
.Y.Y.....### #.......
.#.Y.......# #.......
#.......#.####.......
#.......#...##.......
#.......###..........
######.## ####.......
#.@YY# #.......
#.#### #....... ?..
###.#### #.## #..# #.
#.## . #.# .
#######.## ..
.........##
#######...#


You could see 2 death yaks.

Vanquished Creatures
  3 death yaks (D:10)
  2 unseen horrors
  Maggie (D:7)
  2 gargoyles (D:8)
  2 trolls
  A slime creature (D:8)
  5 yaks (D:8)
  A vampire (D:10)
  Eustachio (D:4)
  A steam dragon (D:9)
  A vampire mosquito (D:8)
  Duvessa (D:5)
  2 water moccasins
  An orc warrior (D:8)
  3 ice beasts
  6 ogres
  3 black bears
  2 centaurs (D:8)
  2 phantoms
  2 kobold brigands
  7 bullfrogs
  2 necrophages (D:5)
  5 scorpions
  5 wights (D:7)
  Dowan (D:5)
  12 killer bees
  2 howler monkeys
  8 hounds
  A jelly (D:6)
  A gnoll bouda (D:8)
  6 orc priests
  4 iguanas
  10 orc wizards
  Natasha (D:4)
  11 gnolls
  2 adders (D:2)
  An ufetubus (D:4)
  2 worms
  3 dart slugs
  50 orcs
  6 endoplasms
  A giant cockroach (D:1)
  8 goblins
  12 hobgoblins
  7 jackals
  19 kobolds
  4 quokkas
  5 ball pythons
  2 bats
  4 frilled lizards
  5 rats
249 creatures vanquished.

Notes
Turn   | Place    | Note
-------+----------+-------------------------------------------
     0 | D:1      | Kazon the Demigod Fighter began the quest for the Orb.
     0 | D:1      | Reached XP level 1. HP: 18/18 MP: 3/3
    32 | D:1      | Identified a scroll of acquirement
    32 | D:1      | Acquired the ring of Bubyake {rPois Str+6}
   329 | D:1      | Reached XP level 2. HP: 25/25 MP: 4/4
   857 | D:3      | Found Umat's Antique Weapon Boutique.
  1046 | D:2      | Reached XP level 3. HP: 31/31 MP: 5/5
  1376 | D:2      | Reached skill level 1 in Throwing
  1415 | D:2      | Reached XP level 4. HP: 38/38 MP: 6/6
  1700 | D:3      | Bought a crude falchion for 184 gold pieces
  1700 | D:3      | Identified the +3 falchion of Winter {venom, rCorr} (You
                  | bought it in a shop on level 3 of the Dungeon)
  2101 | D:4      | Noticed Eustachio
  2151 | D:4      | Killed Eustachio
  2152 | D:4      | Reached skill level 1 in Dodging
  2152 | D:4      | Reached XP level 5. HP: 45/45 MP: 7/7
  2194 | D:4      | Noticed a black bear
  2198 | D:4      | Noticed an ogre
  2215 | D:4      | Reached XP level 6. HP: 47/51 MP: 8/8
  2288 | D:4      | Noticed a water moccasin
  2304 | D:4      | Killed a water moccasin
  2305 | D:4      | Reached XP level 7. HP: 47/59 MP: 9/9
  2825 | D:4      | Noticed Natasha
  2830 | D:4      | Killed Natasha
  2831 | D:4      | Reached skill level 5 in Long Blades
  2898 | D:4      | Reached skill level 1 in Evocations
  3286 | D:5      | Entered Level 5 of the Dungeon
  3498 | D:5      | Noticed Dowan
  3498 | D:5      | Noticed Duvessa
  3516 | D:5      | Killed Duvessa
  3517 | D:5      | Reached XP level 8. HP: 54/67 MP: 10/10
  3518 | D:5      | Killed Dowan
  3749 | D:5      | Reached skill level 5 in Fighting
  4120 | D:6      | You fall into a shaft and drop 3 floors!
  4603 | D:7      | Reached XP level 9. HP: 44/71 MP: 11/11
  4620 | D:7      | Found a staircase to the Ecumenical Temple.
  4688 | D:7      | Reached skill level 5 in Armour
  4831 | D:6      | Found the +6 shillelagh "Devastator" {shatter}
  5108 | D:6      | Reached skill level 5 in Evocations
  5457 | D:7      | Noticed Maggie
  5472 | D:7      | Killed Maggie
  5521 | D:7      | Reached skill level 1 in Maces & Flails
  5609 | D:7      | Found Binerhev's Lightly-Used Armoury.
  6398 | D:8      | Noticed a gargoyle
  6401 | D:8      | Killed a gargoyle
  6402 | D:8      | Reached XP level 10. HP: 69/84 MP: 13/13
  6602 | D:8      | Identified the +6 great sword of the Gloaming {distort, rC+
                  | Will+ Dex+4}
  6687 | D:8      | Found a runed translucent gate.
  6688 | D:8      | Found a runed translucent gate.
  6688 | D:8      | Found a runed translucent gate.
  6694 | D:8      | Noticed Valamore's ghost (novice SpCj)
  6694 | D:8      | Noticed Venter's ghost (novice MiFi)
  6695 | D:8      | Noticed Maogaat's ghost (novice GnWr)
  6695 | D:8      | Noticed kuraido's ghost (novice NaTm)
  6696 | D:8      | Noticed Gistrauq's ghost (novice DsBe)
  7151 | D:9      | Found a runed translucent gate.
  7152 | D:9      | Found a runed translucent gate.
  7152 | D:9      | Found a runed translucent gate.
  7263 | D:9      | Noticed jlumianski's ghost (journeyman KoBe)
  7323 | D:9      | Found Sudgh's Antique Weapon Shop.
  7409 | D:10     | Entered Level 10 of the Dungeon
  7570 | D:10     | Noticed a death yak
  7571 | D:10     | Noticed a death yak
  7572 | D:10     | Noticed a death yak
  7574 | D:10     | Noticed a death yak
  7574 | D:10     | Noticed a death yak
  7585 | D:10     | Killed a death yak
  7592 | D:10     | Killed a death yak
  7593 | D:10     | Reached skill level 5 in Maces & Flails
  7593 | D:10     | Reached XP level 11. HP: 30/92 MP: 14/14
  7597 | D:10     | Killed a death yak
  7598 | D:10     | Reached skill level 5 in Shields
  7599 | D:10     | Slain by a death yak

Illustrated notes

Levels and vault maps discovered:
D:1:      dpeg_arrival_three_smaller_balls, layout_basic
D:2:      layout_loops_ring
D:3:      layout_basic, serial_shops, nicolae_shop_stone, st_stairs_7
D:4:      minmay_razor_zed, layout_basic, worldfamousw_hep_ancestral_shrine,
          uniq_eustachio, uniq_natasha
D:5:      layout_basic, uniq_duvessa
D:6:      layout_rooms, dilly_guarded_unrand_devastator
D:7:      layout_basic, nicolae_uskayaw_dance_hall,
          mainiacjoe_overflow_six_doors_small,
          minmay_temple_entry_drinking_statues, serial_rivers,
          chequers_serial_rivers_micro_b, chequers_serial_rivers_small_a,
          chequers_serial_rivers_small_a, chequers_serial_rivers_large_a,
          chequers_serial_rivers_micro_a, minmay_shop_damaged, uniq_maggie
D:8:      minmay_tri_box, layout_loops_ring, gammafunk_ghost_cemetery,
          minmay_manual_mares
D:9:      layout_gridville, serial_shops, nicolae_take_the_stairs,
          gammafunk_ghost_ooze, minivault_11
D:10:     layout_roguey, dpeg_lair_monsters, uniq_amaemon

Skill      XL: |  1  2  3  4  5  6  7  8  9 10 11 |
---------------+----------------------------------+-----
Long Blades    | 2 3 4 5 6 7 |  7.2
Fighting       | 3 4 5 6 7 |  7.7
Armour         | 3 4 5 6 |  6.4
Throwing       | 1 2 3 4 |  4.1
Shields        | 3 4 5 |  5.0
Dodging        | 1 2 3 4 |  4.3
Evocations     | 2 4 5 6 |  6.9
Maces & Flails | 1 5 |  5.6
Stealth        | |  0.7

Action                   |  1- 3 |  4- 6 |  7- 9 | 10-12 || total
-------------------------+-------+-------+-------+-------++-------
Melee: Long sword        |   130 |    37 |       |       ||   167
       Falchion          |       |   107 |   393 |       ||   500
       Shillelagh        |       |       |    53 |    94 ||   147
Throw: Stone             |     4 |    13 |    15 |       ||    32
       Dart              |     1 |       |    28 |    19 ||    48
       Boomerang         |       |       |       |     1 ||     1
Evoke: Wand              |       |       |     2 |       ||     2
  Use: Scroll            |     1 |       |       |       ||     1
Armor: Scale mail        |    69 |    96 |   130 |       ||   295
       Ring mail         |       |       |    14 |       ||    14
       Chain mail        |       |       |       |    69 ||    69
Dodge: Dodged            |    65 |    79 |   195 |    51 ||   390
Block: Buckler           |    36 |    32 |    99 |    30 ||   197
